 Dungeon Crawl Stone Soup version 0.27.1-2-g3b301248ec (webtiles) character file.

Game seed: 10083879108497800137

423 Descartes the Sneak (level 6, -12/30 HPs)
             Began as a Spriggan Wanderer on Oct 1, 2021.
             Was an Initiate of Dithmenos.
             Killed by divine providence
             ... invoked by an orc priest
              (13 damage)
             ... on level 5 of the Dungeon.
             The game lasted 00:10:09 (5059 turns).

Descartes the Sneak (Spriggan Wanderer)             Turns: 5059, Time: 00:10:10

Health: -12/30     AC:  9    Str:  8    XL:     6   Next: 63%
Magic:  11/11      EV: 20    Int: 15    God:    Dithmenos [......]
Gold:   138        SH:  0    Dex: 21    Spells: 10/10 levels left

rFire    . . .     SeeInvis +   b - +0 short sword
rCold    . . .     Faith    .   (shield restricted)
rNeg     . . .     Spirit   .   d - +2 robe
rPois    .         Reflect  .   (helmet restricted)
rElec    .         Harm     .   C - +0 cloak
rCorr    .         Rampage  .   (gloves unavailable)
Will     +....                  (boots unavailable)
Stlth    +++.......             (no amulet)
HPRegen  0.10/turn              i - +6 ring of dexterity
MPRegen  0.12/turn              A - +4 ring of protection

@: very quick
A: very small, no large weapons, unfitting armour, see invisible, speed 3
a: Renounce Religion


You were on level 5 of the Dungeon.
You worshipped Dithmenos.
Dithmenos was noncommittal.
You visited 2 branches of the dungeon, and saw 6 of its levels.

You collected 138 gold pieces.

Inventory:

Hand Weapons
 a - a +0 hand crossbow
 b - a +0 short sword (weapon)
 y - a +0 hunting sling
 B - a +4 quarterstaff of chaos
Missiles
 c - 35 bolts
 g - 34 stones (quivered)
 s - 47 arrows
 v - 37 sling bullets
Armour
 d - a +2 robe (worn)
 f - +0 storm dragon scales
 C - a +0 cloak (worn)
Jewellery
 i - a +6 ring of dexterity (left hand)
 A - a +4 ring of protection (right hand)
Wands
 r - a wand of mindburst (6)
Scrolls
 n - a scroll of fog
 p - a scroll of brand weapon
Potions
 h - a potion of might {unknown}
 k - 2 potions of curing {unknown}
 l - 3 potions of degeneration {unknown}
 q - a potion of cancellation {unknown}
 u - a potion of resistance {unknown}
 w - a potion of attraction {unknown}
 z - 2 potions of haste {unknown}


   Skills:
 - Level 1.0 Fighting
 + Level 3.5 Short Blades
 + Level 1.6 Slings
 - Level 3.0 Crossbows
 + Level 4.6 Dodging
 + Level 5.1 Stealth
 + Level 2.9 Spellcasting
 + Level 2.6 Hexes
 - Level 2.6 Evocations


You had 10 spell levels left.
You didn't know any spells.
Your spell library contained the following spells:

 Spells                   Type           Power      Damage    Failure   Level
 Passwall                 Tmut/Erth      1%         N/A       30%         2
 Swiftness                Air            2%         N/A       52%         3
 Invisibility             Hex            5%         N/A       100%        6


Dungeon Overview and Level Annotations

Branches:
Dungeon (5/15)             Temple (1/1) D:4

Altars:
Ashenzari
Cheibriados
Dithmenos
Elyvilon
Kikubaaqudgha
Makhleb
Nemelex Xobeh
Okawaru
Qazlal
Ru
Sif Muna
Trog
Uskayaw
Vehumet
Wu Jian
Xom
Yredelemnul
Zin
The Shining One

Shops:
D:4 *


Innate Abilities, Weirdness & Mutations

You are very small and have problems with some larger weapons.
You are too small for most types of armour.
You have supernaturally acute eyesight. (SInv)
You cover ground extremely quickly. (Speed+++)


Message History

The phantom is lightly damaged.
The orc wizard closely misses you. The phantom barely misses you.
As you read the scroll of teleportation, it crumbles to dust.
You feel strangely unstable. The orc wizard closely misses you.
The phantom hits you.
As you read the scroll labelled XEWKANEGUHEA, it crumbles to dust.
You speak a Word of immense power!
The phantom convulses!
You destroy the phantom!
Dithmenos accepts your kill.
It was a scroll of holy word.
The orc throws a boomerang.
The boomerang barely misses you.
Your Stealth skill increases to level 5!
The orc hits you but does no damage.
The orc wizard casts a spell.
The orc wizard flickers and vanishes for a moment.
Found an inky potion.
Found a stone staircase leading down.
Found a stone staircase leading up.
The orc hits you but does no damage.
Your surroundings suddenly seem different.
You feel your willpower return.
Found a whip.
An iguana comes into view.
Found a stone staircase leading up.
Found a pair of boots.
The helpless iguana fails to defend itself.
You impale the iguana!!
You kill the iguana!
Dithmenos accepts your kill.
An orc warrior and an orc priest come into view.
Found 13 stones.
The orc priest shouts!
You hear a shout! x2
There is a stone staircase leading up here.
The orc priest calls down the wrath of Beogh upon you.
Beogh smites you!
* * * LOW HITPOINT WARNING * * *
You hear a shout!
An orc comes into view. It is wielding a +0 falchion.
There is a stone staircase leading up here.
The orc priest invokes the aid of Beogh against you.
Beogh smites you!
You die...

############## ########
#.....@...oo(#
......)####.##########.#
..................#
######.####.#......
#...# #.#.###.#
...........#
###...###.### ##.## #.#
#.# #.#


You could see an orc priest and an orc.

Vanquished Creatures
  A phantom (D:5)
  A scorpion (D:4)
  A hound (D:4)
  Crazy Yiuf (D:4)
  A jelly (D:4)
  An iguana (D:5)
  Robin (D:4)
  5 adders
  An adder skeleton (D:4)
  3 worms
  A dart slug (D:4)
  6 orcs
  5 endoplasms
  4 giant cockroaches
  13 goblins
  13 hobgoblins
  13 jackals
  7 kobolds
  4 quokkas
  9 ball pythons
  2 bats
  3 frilled lizards
  5 rats
101 creatures vanquished.

Notes
Turn   | Place    | Note
-------+----------+-------------------------------------------
     0 | D:1      | Descartes the Spriggan Wanderer began the quest for the
                  | Orb.
     0 | D:1      | Descartes set off with the following items: a +0 hand
                  | crossbow, a +2 robe, 25 bolts, a +0 short sword
     0 | D:1      | Reached XP level 1. HP: 10/10 MP: 2/2
   155 | D:1      | Reached skill level 2 in Stealth
   206 | D:1      | Reached XP level 2. HP: 14/14 MP: 3/3
   646 | D:1      | Reached skill level 3 in Stealth
   704 | D:2      | Reached XP level 3. HP: 18/18 MP: 4/4
  1423 | D:2      | Reached XP level 4. HP: 6/22 MP: 4/6
  1729 | D:3      | HP: 1/22 [disintegration (21)]
  2361 | D:2      | Reached skill level 1 in Spellcasting
  2442 | D:3      | Reached skill level 1 in Hexes
  2510 | D:3      | Found a glowing golden altar of the Shining One.
  2639 | D:3      | Found a radiant altar of Vehumet.
  2744 | D:3      | Reached skill level 4 in Stealth
  2761 | D:3      | Found an ancient bone altar of Kikubaaqudgha.
  2764 | D:3      | Found an iron altar of Okawaru.
  2764 | D:3      | Found a burning altar of Makhleb.
  3035 | D:3      | Found a sacrificial altar of Ru.
  3392 | D:4      | Noticed Robin
  3491 | D:4      | Reached XP level 5. HP: 25/25 MP: 8/8
  3652 | D:4      | Found a runed translucent door.
  3653 | D:4      | Noticed Crazy Yiuf
  3889 | D:4      | Found a staircase to the Ecumenical Temple.
  3931 | Temple   | Entered the Ecumenical Temple
  4093 | Temple   | Became a worshipper of Dithmenos the Shadowed
  4213 | D:4      | Killed Robin
  4695 | D:4      | Reached skill level 1 in Slings
  4695 | D:4      | Reached XP level 6. HP: 30/30 MP: 10/10
  4739 | D:4      | Found Deleux's Desiderata Depot.
  4771 | D:4      | Found a shimmering blue altar of Sif Muna.
  4861 | D:4      | Killed Crazy Yiuf
  4929 | D:5      | Entered Level 5 of the Dungeon
  5022 | D:5      | Reached skill level 5 in Stealth
  5055 | D:5      | Noticed an orc warrior
  5057 | D:5      | HP: 1/30 [orc priest/divine providence (13)]
  5059 | D:5      | Killed from afar by an orc priest

Illustrated notes

Levels and vault maps discovered:
D:1:      grunt_arrival_lava_bath, layout_loops_cross
D:2:      layout_basic
D:3:      layout_basic, mainiacjoe_overflow_24_doors,
          nicolae_ru_the_path_less_chosen, mainiacjoe_overflow_alcove_2,
          grunt_temple_overflow_open, st_stairs_9, glass_columns_a,
          minmay_parallelograms, minmay_crystal_water, minmay_tree_intersection,
          minmay_misc_feat_rows
D:4:      layout_basic, lemuel_blue_sif_altar, minmay_temple_entry_tees,
          nicolae_alphabet_shops, minmay_misc_feat_x, uniq_crazy_yiuf_cottage,
          uniq_robin
D:5:      layout_loops_ring, portal_sewer_entry_d
Temple:   chequers_temple_sunken

Skill      XL: |  1  2  3  4  5  6 |
---------------+-------------------+-----
Stealth        | 2 3 4 5 |  5.1
Short Blades   | 2 3 |  3.5
Dodging        | 3 4 |  4.6
Spellcasting   | 1 2 |  2.9
Hexes          | 1 2 |  2.6
Slings         | 1 |  1.6
Fighting       | |  1.0
Crossbows      | |  3.0
Evocations     | |  2.6

Action                   |  1- 3 |  4- 6 || total
-------------------------+-------+-------++-------
Melee: Short sword       |     7 |    27 ||    34
 Fire: Hand crossbow     |   105 |   188 ||   293
  Use: Scroll            |       |     9 ||     9
 Stab: Sleeping          |       |     1 ||     1
Armor: Robe              |    11 |    31 ||    42
Dodge: Dodged            |    30 |   137 ||   167
